 Dungeon Crawl Stone Soup version 0.31-a0-188-g5e087ee2ca (webtiles) character file.

Game seed: 9704548778300142060

7 qw the Shooter (level 1, 0/12 HPs)
             Began as a Deep Elf Hunter on June 23, 2023.
             Slain by a jackal (1 damage)
             ... on level 1 of the Dungeon.
             The game lasted 00:00:04 (145 turns).

qw the Shooter (Deep Elf Hunter)                     Turns: 145, Time: 00:00:04

Health: 0/12       AC:  3    Str:  8    XL:     1   Next: 91%
Magic:  3/3        EV: 12    Int: 13    God:
Gold:   15         SH:  0    Dex: 18    Spells: 0/0 levels left

rFire   . . .        a - +0 shortbow
rCold   . . .        (shield currently unavailable)
rNeg    . . .        c - +0 leather armour
rPois   .            (no helmet)
rElec   .            (no cloak)
rCorr   .            (no gloves)
SInv    .            (no boots)
Will    .....        (no amulet)
Stlth   ++           (no ring)
HPRegen 0.22/turn    (no ring)
MPRegen 0.08/turn

%: no passive effects
@: no status effects
A: no striking features
a: no special abilities


You were on level 1 of the Dungeon.
You visited 1 branch of the dungeon, and saw 1 of its levels.

You collected 15 gold pieces.


   Skills:
 - Level 1.5 Fighting
 + Level 5.9 Ranged Weapons
 - Level 2.4 Dodging
 - Level 1.2 Stealth


You couldn't memorise any spells.
You didn't know any spells.
Your spell library was empty.

Inventory:

Hand Weapons
 a - a +0 shortbow (weapon)
Armour
 c - a +0 leather armour (worn)
 f - a +0 ring mail
Scrolls
 b - a scroll of butterflies
 e - a scroll of noise {unknown}
 g - a scroll of identify {unknown}
 h - a scroll of blinking {unknown}
Potions
 d - 2 potions of attraction {unknown}

Dungeon Overview and Level Annotations

Branches:
Dungeon (1/15)

Altars:


Message History

The goblin hits you with a +0 dagger.
You shoot an arrow. The arrow hits the jackal.
The jackal is severely wounded.
The jackal bites you but does no damage.
The rat barely misses you. The goblin hits you with a +0 dagger.
The jackal bites you.
You shoot an arrow. The arrow hits the jackal.
You kill the jackal!
The goblin barely misses you. The rat closely misses you.
You shoot an arrow. The arrow barely misses the rat.
The bat barely misses you. The goblin hits you but does no damage.
The rat closely misses you.
You shoot an arrow. The arrow closely misses the rat.
The goblin hits you but does no damage. The frilled lizard barely misses you.
The rat closely misses you. The bat closely misses you.
You shoot an arrow. The arrow barely misses the rat.
The bat closely misses you. The goblin hits you with a +0 dagger.
The frilled lizard bites you but does no damage.
The rat closely misses you.
A rat comes into view.
The frilled lizard completely misses you.
The goblin barely misses you. The rat bites you but does no damage.
The rat moves out of view.
You shoot an arrow. The arrow closely misses the rat.
The bat completely misses you. The bat barely misses you.
The goblin closely misses you. The frilled lizard bites you.
The rat barely misses you.
You shoot an arrow. The arrow hits the rat.
The rat is severely wounded.
The bat hits you but does no damage. x2; The goblin closely misses you.
The frilled lizard closely misses you. The rat barely misses you.
The bat hits you but does no damage.
You shoot an arrow. The arrow hits the rat.
You kill the rat!
The bat barely misses you. The bat hits you but does no damage.
The goblin hits you with a +0 dagger.
The frilled lizard bites you but does no damage.
You shoot an arrow. The arrow barely misses the jackal.
The bat closely misses you. The bat barely misses you. The jackal bites you.
You die...

#.......(.#.........
#...............##
#...........|...#
#...............#
#######.........#
#.........#######
#######..........
########.......#########
......b@.#######
....).glh# .......g.#
.........% ...........
............
####.........
#..........


You could see a jackal, a hobgoblin, a goblin, a bat and a frilled lizard.

Vanquished Creatures
  A ball python (D:1)
  2 jackals (D:1)
  A bat (D:1)
  A goblin (D:1)
  3 rats (D:1)
8 creatures vanquished.

Notes
Turn   | Place    | Note
-------+----------+-------------------------------------------
     0 | D:1      | qw the Deep Elf Hunter began the quest for the Orb.
     0 | D:1      | Reached XP level 1. HP: 12/12 MP: 3/3
     0 | D:1      | 0 ||| qw: Version: 0.3-a-9-g12657ce
     0 | D:1      | 0 ||| qw: Game counter: 3877
     0 | D:1      | 0 ||| qw: Always use a shield: true
     0 | D:1      | 0 ||| qw: God list: Okawaru
     0 | D:1      | 0 ||| qw: Allow faded altars: false
     0 | D:1      | 0 ||| qw: Do Orc after D:15 true
     0 | D:1      | 0 ||| qw: Do second Lair branch before Depths: true
     0 | D:1      | 0 ||| qw: Lair rune preference: random
     0 | D:1      | 0 ||| qw: Plans: Normal
     0 | D:1      | 0 ||| PLANNING D:1-11
   142 | D:1      | HP: 2/12 [frilled lizard (3)]
   145 | D:1      | Slain by a jackal

Levels and vault maps discovered:
D:1:      dpeg_arrival_fog, layout_basic, minmay_pentomino_w4

Action                     || total
---------------------------++-------
   Fire: Shortbow          ||    21
 Armour: Leather armour    ||    10
  Dodge: Dodged            ||    26

Table legend:
 A = Non-vault XP
 B = Vault XP
 C = Vault XP percentage of total XP
 D = Non-vault monster count
 E = Vault monster count
 F = Vault count percentage of total count
                 A         B        C        D         E       F
            +---------+---------+-------+---------+---------+-------
      Total |      11 |       0 |   0.0 |       8 |       0 |   0.0
            +---------+---------+-------+---------+---------+-------
        D:1 |      11 |       0 |   0.0 |       8 |       0 |   0.0
            +---------+---------+-------+---------+---------+-------
